 Dungeon Crawl Stone Soup version 0.26-a0-812-g31a745ddcd (webtiles) character file.

Game seed: 3763306683881667100

54 kae the Insei (level 3, 0/20 HPs)
             Began as a Tengu Transmuter on Nov 18, 2020.
             Slain by an adder (1 damage)
             ... on level 2 of the Dungeon.
             The game lasted 00:00:55 (1771 turns).

kae the Insei (Tengu Transmuter)                    Turns: 1771, Time: 00:00:56

Health: 0/20       AC:  2    Str: 11    XL:     3   Next: 91%
Magic:  6/7        EV: 12    Int: 13    God:
Gold:   103        SH:  0    Dex: 14    Spells: 2/6 levels left

rFire    . . .     SeeInvis .     - Unarmed
rCold    . . .     Faith    .   (no shield)
rNeg     . . .     Spirit   .   a - +0 robe
rPois    +         Reflect  .   (helmet currently unavailable)
rElec    .         Harm     .   (no cloak)
rCorr    .         Rampage  .   (no gloves)
MR       .....                  (boots unavailable)
Stlth    +.........             (no amulet)
HPRegen  0.06/turn              i - ring of poison resistance
MPRegen  0.10/turn              (no ring)

@: lethally poisoned (0 -> -13), appendages (expiring)
A: beak, horns 2, talons 3
a: End Transformation


You were on level 2 of the Dungeon.
You had grown temporary horns.
You visited 1 branch of the dungeon, and saw 2 of its levels.

You collected 103 gold pieces.

Inventory:

Armour
 a - a +0 robe (worn)
Jewellery
 f - an uncursed amulet of faith
 i - a ring of poison resistance (left hand)
Wands
 o - a wand of iceblast (9)
Scrolls
 d - a scroll of teleportation {unknown}
 e - a scroll of identify {unknown}
 g - a scroll of blinking {unknown}
 l - a scroll of immolation {unknown}
 n - a scroll of remove curse {unknown}
Potions
 b - a potion of mutation {unknown}
 c - 2 potions of curing {unknown}
 h - a potion of berserk rage {unknown}
 j - a potion of resistance {unknown}
 k - a potion of lignification {unknown}
 m - a potion of degeneration {unknown}
 p - a potion of attraction {unknown}


   Skills:
 - Level 1.0 Fighting
 - Level 2.1 Dodging
 + Level 3.8 Unarmed Combat
 * Level 2.2 Spellcasting
 * Level 2.7 Transmutations
 * Level 0.7 Poison Magic


You had 2 spell levels left.
You knew the following spells:

 Your Spells              Type           Power        Failure   Level
a - Beastly Appendage     Tmut           #.....       9%          1
b - Spider Form           Tmut/Pois      #.........   36%         3

Your spell library contained the following spells:

 Spells                   Type           Power        Failure   Level
 Wereblood                Tmut           #.......     12%         2
 Ice Form                 Ice/Tmut       #.......     82%         4
 Blade Hands              Tmut           #.........   92%         5


Dungeon Overview and Level Annotations

Branches:
Dungeon (2/15)

Altars:


Innate Abilities, Weirdness & Mutations

You have a beak for a mouth.
You have claws for feet.
You have a pair of horns on your head.


Message History

The adder is heavily wounded.
The adder bites you.
You are lethally poisoned!
The adder poisons you!
You closely miss the adder. You claw the adder.
You peck the adder, but do no damage.
The adder is severely wounded.
* * * LOW HITPOINT WARNING * * *
You feel sick. The adder bites you.
* * * LOW HITPOINT WARNING * * *
You are more poisoned.
The adder poisons you! The adder bites you.
* * * LOW HITPOINT WARNING * * *
You completely miss the adder. Your kick misses the adder.
You headbutt the adder.
The adder is almost dead.
Your transformation is almost over.
* * * LOW HITPOINT WARNING * * *
You feel sick. The adder bites you.
You die...

#.............
.###..#.#...#.
## ##.#..###..
# #...## ? ##
#..## #.
.###.#.# .###
)......#
##...#
..###.#.#
##..#S# ..#
#.###.#.#@#
.## #.§..#...#
.# #.§..#...##
.# ..P§.....##
.#
§§§§§......#
.#
#§§P§.....##
## #§.§....##
# ######.## #
####### #.#


You could see an adder.

Vanquished Creatures
  A worker ant zombie (D:2)
  A gnoll (D:1)
  An adder zombie (D:2)
  3 bats
  A bat zombie (D:2)
  A giant cockroach (D:1)
  11 goblins
  2 hobgoblins (D:2)
  2 kobolds (D:1)
  A ball python (D:1)
  2 frilled lizards (D:2)
  A quokka skeleton (D:2)
27 creatures vanquished.

Vanquished Creatures (others)
  5 withered plants (D:2)
5 creatures vanquished.

Grand Total: 32 creatures vanquished

Notes
Turn   | Place    | Note
-------+----------+-------------------------------------------
     0 | D:1      | kae the Tengu Transmuter began the quest for the Orb.
     0 | D:1      | Reached XP level 1. HP: 12/12 MP: 4/4
   210 | D:1      | Reached XP level 2. HP: 16/16 MP: 4/6
   573 | D:1      | Reached XP level 3. HP: 14/20 MP: 5/7
   578 | D:1      | Learned a level 3 spell: Spider Form
  1771 | D:2      | HP: 1/20 [poisoned by an adder]
  1771 | D:2      | Slain by an adder

Illustrated notes

Levels and vault maps discovered:
D:1:      dpeg_arrival_chambers_temple_mockup, layout_loops_ring
D:2:      layout_loops_cross, serial_undead, serial_undead_a, serial_undead_f,
          serial_undead_c, serial_undead_e, serial_undead_f, serial_undead_b,
          roderic_nine_men_s_morris

Skill      XL: |  1 |
---------------+----+-----
Transmutations | 2 |  2.7
Fighting       | |  1.0
Dodging        | |  2.1
Unarmed Combat | |  3.8
Spellcasting   | |  2.2
Poison Magic   | |  0.7

Action                   || total
-------------------------++-------
Melee: Unarmed           ||    71
       Kick              ||    21
       Peck              ||     8
       Headbutt          ||    10
       Punch             ||     2
 Cast: Beastly Appendage ||    22
 Stab: Sleeping          ||     1
Armor: Robe              ||    19
Dodge: Dodged            ||    45

Table legend: (Time is in decaauts)
 A = Elapsed time spent in this place.
 B = Non-inter-level travel time spent in this place.
 C = Inter-level travel time spent in this place.
 D = Time resting spent in this place.
 E = Time spent auto-exploring this place.
 F = Levels seen in this place.
 G = Mean time per level.
                   A        B        C        D        E       F      G
               +--------+--------+--------+--------+--------+-----+--------+
         Total |   1767 |   1746 |     21 |      0 |   1511 |   2 |  883.5 |
       Dungeon |   1767 |   1746 |     21 |      0 |   1511 |   2 |  883.5 |
               +--------+--------+--------+--------+--------+-----+--------+

Top non-repeatable levels by time:
     D:1: 1029 daAuts
     D:2: 738 daAuts
